[Event "Titled Tuesday Blitz March 22 Early 2022"]
[White "Obolentseva, Alexandra"]
[Black "Garv Gaur"]
[WhiteFideId "24153648"]
[BlackFideId "45030839"]
[WhiteElo "2113"]
[BlackElo "1950"]
[Result "1/2-1/2"]
[Round "08"]
[TimeControl "180+1"]
[Date "2022.03.22"]
[WhiteClock "0:00:14"]
[BlackClock "0:00:10"]

1. d4 d5 2. c4 e6 3. Nc3 Nf6 4. Bg5 Be7 5. e3 O-O 6. Qc2 h6 7. Bh4 c6 8. Nf3 Nbd7 9. Bd3 b6 10. O-O Bb7 11. cxd5 exd5 12. Rad1 Re8 13. Rfe1 Ne4 14. Bxe7 Qxe7 15. Bxe4 dxe4 16. Nd2 Nf6 17. Nc4 Rad8 18. Nd2 c5 19. dxc5 Qxc5 20. Nb3 Qc4 21. Nd2 Qe6 22. Qb3 Qg4 23. Nf1 Rd3 24. h3 Qg5 25. Ng3 Qe5 26. Qc2 Red8 27. Rxd3 exd3 28. Qd2 h5 29. e4 h4 30. Nf5 Nxe4 31. Nxe4 Qxf5 32. Nc3 g6 33. Re3 Kg7 34. f3 b5 35. Kh1 Qf4 36. Ne4 Bxe4 37. fxe4 Rd4 38. e5 Re4 39. Rxd3 Qf1+ 40. Kh2 Rxe5 41. Rf3 Qe1 42. Qd4 Qe4 43. Qc3 Kg8 44. Qc8+ Re8 45. Qc3 Qe5+ 46. Qxe5 Rxe5 47. Rc3 Re2 48. Rb3 a6 49. Kg1 Rc2 50. Rb4 g5 51. a4 bxa4 52. Rxa4 Rxb2 53. Rxa6 Kg7 54. Ra5 Kg6 55. Ra6+ f6 56. Ra5 Rc2 57. Ra6 Re2 58. Ra5 Re5 59. Ra6 Kf5 60. Kf2 Rb5 61. Ra2 Rb4 62. Rc2 Kf4 63. Ra2 f5 64. Rc2 g4 65. hxg4 fxg4 66. g3+ hxg3+ 67. Kg2 Re4 68. Ra2 Rc4 69. Rb2 Rd4 70. Ra2 Kg5 71. Kxg3 Rd3+ 72. Kg2 Kh4 73. Rb2 Rg3+ 74. Kh2 Rd3 75. Ra2 Kg5 76. Ra5+ Kf4 77. Ra2 Kf3 78. Ra1 Rd2+ 79. Kg1 Rd3 80. Rf1+ Kg3 81. Ra1 Kh3 82. Kh1 g3 83. Kg1 Rd2 84. Rb1 Rg2+ 85. Kh1 Rh2+ 86. Kg1 Rc2 87. Kh1 Kg4 88. Kg1 Kf3 89. Rb3+ Kg4 90. Rb1 Rd2 91. Rc1 Kh3 92. Kh1 Rh2+ 93. Kg1 Rg2+ 94. Kh1 Re2 95. Kg1 Rg2+ 96. Kh1 Rf2 97. Kg1 Kg4 98. Rc4+ Kf3 99. Rc3+ Kg4 100. Rc4+ Rf4 101. Rxf4+ Kxf4 102. Kg2 Kg4 103. Kg1 Kg5 104. Kg2 Kf4 105. Kg1 Kf3 106. Kf1 g2+ 107. Kg1 Kg3 1/2-1/2


[Site "https://www.chess.com"]

[Event "Titled Tuesday Blitz March 22 Early 2022"]
[White "Olsen, Filip Boe"]
[Black "Skliarov, Viktor"]
[WhiteFideId "1440640"]
[BlackFideId "14106736"]
[WhiteElo "2188"]
[BlackElo "2229"]
[Result "1-0"]
[Round "08"]
[TimeControl "180+1"]
[Date "2022.03.22"]
[WhiteClock "0:00:43"]
[BlackClock "0:00:03"]

1. d4 Nf6 2. Nf3 g6 3. Bf4 Bg7 4. e3 O-O 5. Bd3 d6 6. O-O c5 7. c3 Nbd7 8. h3 b6 9. Nbd2 Bb7 10. Qe2 a6 11. e4 b5 12. Rad1 Qb6 13. Bh2 cxd4 14. cxd4 Rac8 15. Rfe1 e6 16. e5 dxe5 17. dxe5 Nd5 18. Ne4 Nc5 19. Nd6 Rcd8 20. Bb1 Ba8 21. a3 b4 22. axb4 Nxb4 23. Ng5 Qc6 24. f3 Qb6 25. Kh1 h6 26. Nge4 Nxe4 27. Bxe4 Bxe4 28. Qxe4 Nd5 29. Ra1 Ra8 30. Re2 a5 31. Bg1 Qc6 32. Rc2 Qd7 33. Rc5 a4 34. Rc4 Rfb8 35. Rcxa4 Rxa4 36. Qxa4 Qxa4 37. Rxa4 Rxb2 38. Ra8+ Bf8 39. Bc5 Rc2 40. Ne4 Rxc5 41. Nxc5 Kg7 42. Ne4 Be7 43. g3 h5 44. f4 Bb4 45. Kg2 Be7 46. Kf3 Bb4 47. Ra7 Be7 48. Rb7 Bf8 49. Nd6 Be7 50. g4 hxg4+ 51. hxg4 Kg8 52. Ke4 Kg7 53. f5 gxf5+ 54. gxf5 Bxd6 55. exd6 Nf6+ 56. Ke5 exf5 57. d7 1-0


[Site "https://www.chess.com"]

[Event "Titled Tuesday Blitz March 22 Early 2022"]
[White "Omelja, Artem"]
[Black "Vishnu, Prasanna. V"]
[WhiteFideId "14119846"]
[BlackFideId "5030692"]
[WhiteElo "2382"]
[BlackElo "2510"]
[Result "0-1"]
[Round "08"]
[TimeControl "180+1"]
[Date "2022.03.22"]
[WhiteClock "0:00:04"]
[BlackClock "0:01:23"]

1. d4 Nf6 2. c4 e6 3. Nf3 d5 4. Nc3 c6 5. e3 Nbd7 6. Qc2 Bd6 7. Bd3 O-O 8. O-O dxc4 9. Bxc4 b5 10. Be2 Bb7 11. e4 e5 12. dxe5 Nxe5 13. Nxe5 Bxe5 14. Be3 b4 15. Na4 c5 16. Nxc5 Rc8 17. Nxb7 Rxc2 18. Nxd8 Rxe2 19. Nc6 Bxb2 20. Rab1 Nxe4 21. Nxb4 a5 22. Nd3 Bc3 23. a3 Bd2 24. Rb2 Rd8 25. Nf4 Rxe3 26. fxe3 Bxe3+ 27. Kh1 Bxf4 28. Rb5 Bd2 29. g3 g6 30. Rb7 f5 31. Rb5 Bc3 32. Rb7 Rd2 33. Rf3 h5 34. Rf1 Nf2+ 35. Kg2 Ng4+ 36. Kf3 Nxh2+ 37. Kf4 Be5+ 38. Kg5 Nxf1 39. Kxg6 Rd6+ 40. Kxf5 Bxg3 41. Rb8+ Kh7 42. Rb7+ Kh6 43. Rb3 h4 44. Kg4 Rg6+ 45. Kh3 Nd2 46. Rd3 Ne4 47. Rd5 Ng5+ 48. Kg2 Rf6 49. Rxa5 Rf2+ 50. Kh1 Rh2+ 51. Kg1 Nf3+ 52. Kf1 Rf2# 0-1


[Site "https://www.chess.com"]

[Event "Titled Tuesday Blitz March 22 Early 2022"]
[White "Orlov, Georgi"]
[Black "Hirneise, Jens"]
[WhiteFideId "2011271"]
[BlackFideId "24614734"]
[WhiteElo "2545"]
[BlackElo "2359"]
[Result "0-1"]
[Round "08"]
[TimeControl "180+1"]
[Date "2022.03.22"]
[WhiteClock "0:00:03"]
[BlackClock "0:00:18"]

1. e4 c6 2. Nc3 d5 3. Nf3 Bg4 4. h3 Bxf3 5. Qxf3 e6 6. d3 Nd7 7. Bd2 Qc7 8. g3 Ngf6 9. Bg2 Be7 10. a3 dxe4 11. Nxe4 Nxe4 12. Qxe4 Nf6 13. Qe2 Nd5 14. O-O O-O 15. c4 Nf6 16. d4 Rad8 17. Bf4 Qb6 18. Rad1 Rd7 19. Be5 Rfd8 20. b4 Ne8 21. Rd3 Qa6 22. Rc1 Bf6 23. Bxf6 Nxf6 24. Qb2 Qb6 25. Rcd1 h6 26. Kh2 e5 27. d5 e4 28. Rd4 cxd5 29. Rxd5 Nxd5 30. cxd5 Rxd5 31. Rxd5 Rxd5 32. Bxe4 Rd7 33. Kg2 Qd4 34. Qc2 g6 35. Bxb7 Qd3 36. Qc8+ Kg7 37. Bf3 Re7 38. Qc5 Rd7 39. a4 Qd4 40. Qb5 Rd6 41. a5 a6 42. Qb7 Qc4 43. b5 Qxb5 44. Qxb5 axb5 45. Bb7 b4 46. a6 b3 47. a7 b2 48. a8=Q b1=Q 49. Be4 Qb2 50. Qa7 Qd4 51. Qb7 Rf6 52. Bf3 h5 53. h4 Rb6 54. Qa8 Rb2 0-1


[Site "https://www.chess.com"]

[Event "Titled Tuesday Blitz March 22 Early 2022"]
[White "Osmonbekov, Talaibek"]
[Black "Krylov, Ivan"]
[WhiteFideId "2017253"]
[BlackFideId "24128066"]
[WhiteElo "2135"]
[BlackElo "2258"]
[Result "1-0"]
[Round "08"]
[TimeControl "180+1"]
[Date "2022.03.22"]
[WhiteClock "0:02:07"]
[BlackClock "0:01:18"]

1. d4 d5 2. Nc3 Nf6 3. Bf4 c5 4. e3 Nc6 5. Nb5 e5 6. Bxe5 Nxe5 7. dxe5 Qa5+ 8. c3 Nd7 9. Qxd5 Be7 10. e6 fxe6 11. Qxe6 Nf6 12. Nd6+ Kd8 13. Nxc8 Rxc8 14. O-O-O+ Ke8 15. Qxc8+ Kf7 16. Bc4+ Kg6 17. Qxh8 b5 18. Bd3+ Kh6 19. g4 Qxa2 20. g5+ Kxg5 21. Qxg7+ Kh4 22. Nf3+ Kh3 23. Qg3# 1-0


[Site "https://www.chess.com"]

[Event "Titled Tuesday Blitz March 22 Early 2022"]
[White "Paravyan, David"]
[Black "Vasquez Schroeder, Rodrigo"]
[WhiteFideId "4194985"]
[BlackFideId "3400042"]
[WhiteElo "2569"]
[BlackElo "2561"]
[Result "1-0"]
[Round "08"]
[TimeControl "180+1"]
[Date "2022.03.22"]
[WhiteClock "0:00:33"]
[BlackClock "0:01:38"]

1. e4 c6 2. d4 d5 3. e5 Bf5 4. Nf3 e6 5. Be2 Ne7 6. O-O Ng6 7. a4 Nd7 8. a5 f6 9. c4 fxe5 10. dxe5 Ndxe5 11. Nd4 Nxc4 12. a6 b6 13. Nxf5 exf5 14. Bxc4 dxc4 15. Qe2+ Be7 16. Qxc4 Qd5 17. Qxd5 cxd5 18. Nc3 Rd8 19. Rd1 Bf6 20. Nxd5 Kf7 21. Be3 Bxb2 22. Rab1 Be5 23. g3 Ke6 24. Nb4 Rc8 25. Re1 Kf7 26. h4 Rhd8 27. h5 Ne7 28. Bxb6 axb6 29. Rxe5 Rc5 30. Rbe1 Rd7 31. Kg2 Ra5 32. Rxe7+ Rxe7 33. Rxe7+ Kxe7 34. Nc6+ 1-0


[Site "https://www.chess.com"]

[Event "Titled Tuesday Blitz March 22 Early 2022"]
[White "Perera Alfonso, Rene Humberto"]
[Black "Weetik, Vjacheslav"]
[WhiteFideId "3514722"]
[BlackFideId "4153472"]
[WhiteElo "2313"]
[BlackElo "2469"]
[Result "1-0"]
[Round "08"]
[TimeControl "180+1"]
[Date "2022.03.22"]
[WhiteClock "0:00:02"]
[BlackClock "0:00:04"]

1. e4 c6 2. d4 d5 3. Nc3 dxe4 4. Nxe4 Nf6 5. Nxf6+ exf6 6. c3 Bd6 7. Bd3 O-O 8. Ne2 Re8 9. Qc2 h5 10. O-O h4 11. h3 Nd7 12. Bf4 Nf8 13. Bxd6 Qxd6 14. Rfe1 Be6 15. Qd2 Ng6 16. Bxg6 fxg6 17. Nf4 Bf7 18. Nd3 g5 19. b4 b6 20. a4 Bg6 21. a5 Kh7 22. axb6 axb6 23. Rxe8 Rxa1+ 24. Re1 Ra3 25. f4 gxf4 26. Nxf4 Bf5 27. Qf2 g5 28. Ne6 Kg6 29. d5 cxd5 30. Nd4 Be4 31. Nb5 Qc6 32. Nxa3 Qxc3 33. Rf1 f5 34. Qxb6+ Kh5 35. Nb1 Qb2 36. Qf2 Qxb4 37. Nd2 f4 38. Nxe4 dxe4 39. Re1 e3 40. Qf3+ Kg6 41. Rd1 Qc5 42. Rd5 Qe7 43. Qe2 Kh6 44. Kh2 Qe6 45. Ra5 Qd6 46. Ra6 f3+ 47. Rxd6+ Kh5 48. Qxf3+ g4 49. Qxg4# 1-0


[Site "https://www.chess.com"]

[Event "Titled Tuesday Blitz March 22 Early 2022"]
[White "Perez Gormaz, Matias"]
[Black "Araujo Filho, Luiz Antonio Coel"]
[WhiteFideId "3406342"]
[BlackFideId "2130661"]
[WhiteElo "2327"]
[BlackElo "2263"]
[Result "1-0"]
[Round "08"]
[TimeControl "180+1"]
[Date "2022.03.22"]
[WhiteClock "0:02:25"]
[BlackClock "0:00:11"]

1. e4 c6 2. d4 d5 3. exd5 cxd5 4. c4 Nf6 5. Nc3 Nc6 6. Nf3 e6 7. cxd5 Nxd5 8. Bd3 Be7 9. O-O O-O 10. Re1 b6 11. Nxd5 exd5 12. Qc2 Nb4 13. Bxh7+ Kh8 14. Qb1 g6 15. Bxg6 fxg6 16. Qxg6 Bf5 17. Qh5+ Bh7 18. Ne5 Qe8 19. Qh3 Bf6 20. Bh6 Bxe5 21. Rxe5 Qg6 22. Rg5 1-0


[Site "https://www.chess.com"]

[Event "Titled Tuesday Blitz March 22 Early 2022"]
[White "Pesotskiy, Mikhail"]
[Black "Ciolacu, Alessia-Mihaela"]
[WhiteFideId "34164453"]
[BlackFideId "1252640"]
[WhiteElo "2010"]
[BlackElo "1777"]
[Result "1-0"]
[Round "08"]
[TimeControl "180+1"]
[Date "2022.03.22"]
[WhiteClock "0:00:15"]
[BlackClock "0:00:08"]

1. d4 Nf6 2. c4 e6 3. Nc3 d5 4. cxd5 exd5 5. Bg5 c6 6. Qc2 h6 7. Bh4 Be6 8. e3 Bd6 9. Bd3 Nbd7 10. Nf3 O-O 11. O-O Qc7 12. Rac1 Rac8 13. Rfe1 Qb8 14. Bg3 Bxg3 15. hxg3 b5 16. Nd2 Nb6 17. Nb3 Nc4 18. Nc5 a5 19. Ne2 Nd7 20. Nxd7 Bxd7 21. b3 Nd6 22. Qc5 a4 23. Nf4 Nb7 24. Qe7 Qd6 25. Qxd6 Nxd6 26. b4 Nc4 27. Bxc4 dxc4 28. a3 Rfe8 29. Ne2 Bf5 30. Rc3 Bd3 31. Nf4 Bf5 32. f3 Rcd8 33. Kf2 Bc8 34. Rcc1 Re7 35. Ne2 Rde8 36. Nc3 Bf5 37. e4 Bd7 38. Rcd1 f5 39. e5 Be6 40. d5 cxd5 41. Nxd5 Rd7 42. Nc3 Rd3 43. Rxd3 cxd3 44. Ke3 Bc4 45. f4 Rc8 46. Kd2 Kf7 47. Rc1 Rd8 48. Nxa4 Ke6 49. Nb6 Bb3 50. Rc6+ Ke7 51. Rd6 Rb8 52. Kxd3 g5 53. Rxh6 gxf4 54. gxf4 Rg8 55. Kc3 Rg3+ 56. Kb2 Be6 57. a4 bxa4 58. Nxa4 Rxg2+ 59. Kc3 Rg3+ 60. Kd4 Rf3 61. Rh4 Ra3 62. Nc5 Rf3 63. Rh7+ Bf7 64. e6 Rxf4+ 65. Ke5 Rxb4 66. Rxf7+ Ke8 67. Nd7 1-0


[Site "https://www.chess.com"]

[Event "Titled Tuesday Blitz March 22 Early 2022"]
[White "Piliczewski, Bogusz"]
[Black "Ardila, Oscar Humberto"]
[WhiteFideId "1104144"]
[BlackFideId "4404742"]
[WhiteElo "1896"]
[BlackElo "1966"]
[Result "0-1"]
[Round "08"]
[TimeControl "180+1"]
[Date "2022.03.22"]
[WhiteClock "0:01:09"]
[BlackClock "0:02:02"]

1. d4 Nf6 2. Nf3 e6 3. Bf4 g6 4. e3 Bg7 5. Be2 O-O 6. h3 d6 7. O-O Nbd7 8. c4 b6 9. Nc3 Bb7 10. Qd2 Re8 11. Rfd1 Rc8 12. Rac1 Ne4 13. Nxe4 Bxe4 14. b4 Nf6 15. c5 bxc5 16. dxc5 d5 17. Bb5 c6 18. Ba6 Bxf3 19. gxf3 e5 20. Bxc8 Qxc8 21. Bg3 Qxh3 22. Qe1 Nh5 23. e4 d4 24. a4 a6 25. Qf1 Qd7 26. Qxa6 Bh6 27. Rb1 Bf4 28. Bxf4 Nxf4 29. Kf1 Qh3+ 30. Ke1 Qxf3 31. Qd3 Nxd3+ 32. Rxd3 Qxd3 33. Rd1 Qxe4+ 34. Kd2 Qf4+ 35. Kd3 Qf3+ 36. Kc4 Qxd1 0-1


[Site "https://www.chess.com"]

[Event "Titled Tuesday Blitz March 22 Early 2022"]
[White "Popadic, Dragan"]
[Black "Quirke, Jeffrey"]
[WhiteFideId "913650"]
[BlackFideId "2013029"]
[WhiteElo "2222"]
[BlackElo "2222"]
[Result "0-1"]
[Round "08"]
[TimeControl "180+1"]
[Date "2022.03.22"]
[WhiteClock "0:00:09"]
[BlackClock "0:00:15"]

1. e4 c5 2. Nc3 a6 3. d3 b5 4. g4 Bb7 5. Bg2 e6 6. Nh3 b4 7. Ne2 d5 8. O-O dxe4 9. Ng3 Nc6 10. Nxe4 Be7 11. Be3 Nd4 12. c3 bxc3 13. bxc3 Nb5 14. Qc2 Rc8 15. Rab1 Bc6 16. a4 Na3 17. Qe2 Nxb1 18. Rxb1 Nf6 19. Nf4 Nxe4 20. dxe4 O-O 21. Qxa6 Qc7 22. Nh5 Ra8 23. Qe2 Rxa4 24. c4 Rfa8 25. g5 g6 26. Nf6+ Bxf6 27. gxf6 Ra1 28. Rc1 Qe5 29. Qc2 Qxf6 30. e5 Qxe5 31. Bxc6 Rxc1+ 32. Bxc1 Ra1 33. Kg2 Qe1 0-1


[Site "https://www.chess.com"]

[Event "Titled Tuesday Blitz March 22 Early 2022"]
[White "Pranav, V"]
[Black "Garriga Cazorla, Pere"]
[WhiteFideId "25060783"]
[BlackFideId "32011601"]
[WhiteElo "2349"]
[BlackElo "2458"]
[Result "1-0"]
[Round "08"]
[TimeControl "180+1"]
[Date "2022.03.22"]
[WhiteClock "0:00:16"]
[BlackClock "0:00:07"]

1. e4 c5 2. Nf3 d6 3. Bb5+ Nd7 4. d4 cxd4 5. Qxd4 a6 6. Bxd7+ Qxd7 7. c4 e5 8. Qd3 f5 9. Nc3 Nf6 10. Nd2 b5 11. O-O Bb7 12. exf5 Rc8 13. cxb5 axb5 14. Nxb5 d5 15. a4 e4 16. Qh3 d4 17. Nb3 d3 18. Bg5 Be7 19. N3d4 O-O 20. Ne6 Rf7 21. Be3 Nd5 22. Nbd4 Bf6 23. a5 Nb4 24. Rac1 Nc2 25. Nxc2 Rxc2 26. Qg3 Qc6 27. Rxc2 dxc2 28. b4 Ba6 29. Qb8+ Bc8 30. b5 Qc4 31. a6 Rd7 32. Nc5 Rd8 33. a7 Be5 34. Qxe5 h6 35. a8=Q Rd1 36. Qxc8+ Kh7 37. Qxg7+ Kxg7 38. Ne6+ Kf6 39. Qxc4 1-0


[Site "https://www.chess.com"]

[Event "Titled Tuesday Blitz March 22 Early 2022"]
[White "Przybylski, Wojciech"]
[Black "Nenezic, Marko"]
[WhiteFideId "1117599"]
[BlackFideId "912123"]
[WhiteElo "2133"]
[BlackElo "2457"]
[Result "0-1"]
[Round "08"]
[TimeControl "180+1"]
[Date "2022.03.22"]
[WhiteClock "0:00:17"]
[BlackClock "0:00:43"]

1. e4 g6 2. d4 Bg7 3. Nc3 a6 4. Be3 d6 5. f4 c6 6. Nf3 d5 7. e5 h5 8. Qd2 Bg4 9. Be2 Nh6 10. O-O Nf5 11. Bf2 e6 12. h3 Bxf3 13. Bxf3 h4 14. Ne2 Nd7 15. b4 Nb6 16. a4 Nc4 17. Qd3 a5 18. c3 Bf8 19. Rfb1 Be7 20. Nc1 O-O 21. Qe2 Kg7 22. Nd3 b6 23. b5 Rc8 24. Bg4 Qd7 25. Qe1 Rh8 26. Kh2 Rc7 27. Rb3 Qc8 28. Ra2 cxb5 29. axb5 a4 30. Rxa4 Na5 31. Rxa5 bxa5 32. Nc5 Ng3 33. b6 Rc6 34. c4 dxc4 35. Rb5 c3 36. Qxc3 Ne4 37. Qe3 Nxf2 38. Qxf2 Qd8 39. b7 Rb6 40. Qb2 Rxb5 41. Qxb5 Qxd4 42. Nd3 Rb8 43. Bf3 Bb4 44. Nxb4 Qxf4+ 45. Kg1 axb4 46. Qb6 Qxe5 47. Qxb4 Rd8 48. Qxh4 Rd2 49. Qb4 Rb2 50. Qd2 Rxd2 0-1


[Site "https://www.chess.com"]

[Event "Titled Tuesday Blitz March 22 Early 2022"]
[White "Rastbod, Ali"]
[Black "Babazada, Khazar"]
[WhiteFideId "12567477"]
[BlackFideId "13413554"]
[WhiteElo "2200"]
[BlackElo "2418"]
[Result "0-1"]
[Round "08"]
[TimeControl "180+1"]
[Date "2022.03.22"]
[WhiteClock "0:00:10"]
[BlackClock "0:01:08"]

1. c4 Nf6 2. Nc3 g6 3. g3 Bg7 4. Bg2 O-O 5. d4 d6 6. Nf3 Nbd7 7. O-O e5 8. e4 a6 9. Re1 Rb8 10. h3 exd4 11. Nxd4 Ne5 12. b3 c5 13. Nc2 b5 14. cxb5 axb5 15. Bb2 b4 16. Ne2 Ba6 17. Nf4 Re8 18. Ne3 Qd7 19. Qd2 Rbd8 20. Rad1 Bb7 21. Nfd5 Nxd5 22. Nxd5 Bxd5 23. Qxd5 Nf3+ 24. Bxf3 Bxb2 25. Kg2 Bc3 26. Re2 Qe7 27. Qc4 Kg7 28. a4 Bd4 29. a5 Ra8 30. a6 Ra7 31. Ra2 Qf6 32. Qb5 Ree7 33. Qc6 Qe6 34. Rd3 h5 35. h4 Qf6 36. Ra5 Rec7 37. Qxc7 Rxc7 38. a7 Rxa7 39. Rxa7 c4 40. e5 Qxe5 0-1


[Site "https://www.chess.com"]

[Event "Titled Tuesday Blitz March 22 Early 2022"]
[White "Reprintsev, Alexander"]
[Black "Brodowski, Piotr"]
[WhiteFideId "14100541"]
[BlackFideId "1124480"]
[WhiteElo "2108"]
[BlackElo "2422"]
[Result "1-0"]
[Round "08"]
[TimeControl "180+1"]
[Date "2022.03.22"]
[WhiteClock "0:00:13"]
[BlackClock "0:00:20"]

1. e4 d6 2. d4 Nf6 3. Nc3 g6 4. h4 h5 5. Nf3 Bg7 6. Ng5 a5 7. f3 c6 8. a4 O-O 9. Be3 Na6 10. Qd2 Nb4 11. Be2 Qc7 12. g4 hxg4 13. h5 e5 14. O-O-O d5 15. dxe5 Qxe5 16. f4 Nxe4 17. fxe5 Nxd2 18. Bxd2 Bxe5 19. hxg6 fxg6 20. Rdg1 g3 21. Nf3 Bd6 22. Be1 Bf4+ 23. Kd1 Bf5 24. Bxg3 Bxc2+ 25. Ke1 Be3 26. Rf1 Rae8 27. Ne5 Rxf1+ 28. Rxf1 d4 29. Nd1 Bg5 30. Bc4+ Kg7 31. Rf7+ Kh6 32. Kf2 d3 33. Ng4+ Kh5 34. Nde3 Bxe3+ 35. Nxe3 d2 36. Be2+ Kg5 37. Bf4+ Kh4 38. Rh7# 1-0


[Site "https://www.chess.com"]

[Event "Titled Tuesday Blitz March 22 Early 2022"]
[White "Rosen, Eric"]
[Black "Batsiashvili, Nino"]
[WhiteFideId "2032562"]
[BlackFideId "13602993"]
[WhiteElo "2362"]
[BlackElo "2192"]
[Result "1/2-1/2"]
[Round "08"]
[TimeControl "180+1"]
[Date "2022.03.22"]
[WhiteClock "0:00:02"]
[BlackClock "0:00:13"]

1. d4 f5 2. Bf4 Nf6 3. e3 g6 4. Nf3 Bg7 5. c4 d6 6. Nc3 O-O 7. c5 c6 8. Qb3+ d5 9. h4 Qe8 10. Be2 Nbd7 11. Ne5 Nxe5 12. Bxe5 Ng4 13. Bxg7 Kxg7 14. h5 e5 15. Qa4 f4 16. Bxg4 Bxg4 17. h6+ Kg8 18. f3 Bd7 19. dxe5 Qxe5 20. e4 dxe4 21. Nxe4 Bf5 22. O-O-O Bxe4 23. Qxe4 Qxe4 24. fxe4 Rae8 25. Rhe1 Re5 26. b4 Rfe8 27. Rd7 R8e7 28. Rxe7 Rxe7 29. Kd2 Kf7 30. Rf1 g5 31. Kd3 Ke6 32. Ke2 Ke5 33. Kf3 Rd7 34. Rf2 Rd3+ 35. Kg4 Rg3+ 36. Kh5 Kxe4 37. Re2+ Kd3 38. Rb2 Kc4 39. a4 a6 40. b5 axb5 41. axb5 Kxc5 42. bxc6 bxc6 43. Rc2+ Kd5 44. Rc5+ Kxc5 1/2-1/2


[Site "https://www.chess.com"]

[Event "Titled Tuesday Blitz March 22 Early 2022"]
[White "Ruge, Edison"]
[Black "Vlassov, Nikolai"]
[WhiteFideId "4401000"]
[BlackFideId "4103360"]
[WhiteElo "2175"]
[BlackElo "2407"]
[Result "1/2-1/2"]
[Round "08"]
[TimeControl "180+1"]
[Date "2022.03.22"]
[WhiteClock "0:00:33"]
[BlackClock "0:00:33"]

1. e4 Nc6 2. Nf3 d5 3. e5 Bg4 4. Bb5 e6 5. Bxc6+ bxc6 6. h3 Bxf3 7. Qxf3 c5 8. d3 c6 9. O-O Qc7 10. Re1 Ne7 11. c3 Ng6 12. Qh5 Rb8 13. Nd2 Be7 14. Nf3 O-O 15. b3 a5 16. Bg5 a4 17. bxa4 Rb2 18. Bxe7 Qxe7 19. Ng5 h6 20. Nf3 Rfb8 21. Qg4 Kh7 22. a5 Qa7 23. Qa4 R8b5 24. a6 Rb6 25. h4 Rxa6 26. Qg4 Ra4 27. c4 Raxa2 28. Rxa2 Qxa2 29. h5 Ne7 30. Rf1 Nf5 31. Qf4 Rc2 32. g4 Nd4 33. Nxd4 cxd4 34. Qxf7 dxc4 35. Qg6+ Kh8 36. Qe8+ Kh7 37. Qg6+ Kh8 38. Qe8+ Kh7 39. Qg6+ 1/2-1/2


[Site "https://www.chess.com"]

[Event "Titled Tuesday Blitz March 22 Early 2022"]
[White "Sailer, Mike"]
[Black "Dwilewicz, Katarzyna"]
[WhiteFideId "2012901"]
[BlackFideId "1148486"]
[WhiteElo "2109"]
[BlackElo "1907"]
[Result "0-1"]
[Round "08"]
[TimeControl "180+1"]
[Date "2022.03.22"]
[WhiteClock "0:00:02"]
[BlackClock "0:00:08"]

1. d4 Nf6 2. Nf3 b6 3. Bf4 Bb7 4. e3 g6 5. Be2 Bg7 6. c4 O-O 7. O-O d6 8. Nc3 Nh5 9. Bg5 h6 10. Bh4 g5 11. Nd2 gxh4 12. Bxh5 Nd7 13. Qg4 e6 14. Nf3 Nf6 15. Qxh4 Nxh5 16. Qxh5 Qf6 17. Nb5 Qe7 18. a4 Kh7 19. a5 f5 20. axb6 axb6 21. Nxc7 Rxa1 22. Rxa1 Bxf3 23. Qxf3 Qxc7 24. h3 Rb8 25. b3 Qb7 26. Qf4 Bf8 27. d5 Qg7 28. Rd1 Qg6 29. dxe6 Qxe6 30. Rd5 Kg6 31. Qg3+ Kf7 32. Qf3 Kg6 33. Qg3+ Kh7 34. Qf3 Bg7 35. Rxf5 Ra8 36. g3 Ra1+ 37. Kg2 Kg6 38. Qg4+ Kh7 39. Qf3 Rb1 40. e4 Rb2 41. Rf7 Kg6 42. Rf5 Bd4 43. Qg4+ Kh7 0-1


[Site "https://www.chess.com"]

[Event "Titled Tuesday Blitz March 22 Early 2022"]
[White "Sanchez Alvares, Kelvin Antonio"]
[Black "Hoeffer, David"]
[WhiteFideId "3906680"]
[BlackFideId "24606766"]
[WhiteElo "2193"]
[BlackElo "2301"]
[Result "1-0"]
[Round "08"]
[TimeControl "180+1"]
[Date "2022.03.22"]
[WhiteClock "0:00:13"]
[BlackClock "0:00:33"]

1. e4 Nc6 2. d4 d5 3. e5 f6 4. exf6 exf6 5. Nf3 Bd6 6. Be2 Nge7 7. O-O O-O 8. h3 Bf5 9. Nbd2 Ng6 10. Nb3 Nce7 11. Re1 Qd7 12. Bf1 Rae8 13. Be3 c6 14. Qd2 Be4 15. Nh2 Nh4 16. g3 Nf3+ 17. Nxf3 Bxf3 18. Qa5 Nf5 19. Qd2 h5 20. Bf4 h4 21. g4 Ne7 22. Bxd6 Qxd6 23. Qc3 Be4 24. Nd2 Ng6 25. Nxe4 Rxe4 26. Rxe4 dxe4 27. Re1 Re8 28. Qb3+ Kh7 29. c3 b5 30. Bg2 Qf4 31. Qc2 e3 32. fxe3 Rxe3 33. Rxe3 Qxe3+ 34. Qf2 Qc1+ 35. Kh2 Nf4 36. Bxc6 g5 37. Be4+ Kh6 38. d5 Qd1 39. Bg2 Nxd5 40. Bxd5 Qxd5 41. Qxf6+ Kh7 42. Qe7+ Kh6 43. Qxa7 Qd2+ 44. Kg1 Qxb2 45. Qb6+ Kg7 46. Qc7+ Kg6 47. Qd6+ Kg7 48. Qe7+ Kg6 49. Qe6+ Kg7 50. Qe5+ Kg6 51. Qf5+ Kh6 52. Qf6+ Kh7 53. Qxg5 Qb1+ 54. Kf2 Qxa2+ 55. Kf3 Qc4 56. Qxh4+ Kg7 57. Qg5+ Kh7 58. Qf5+ Kg7 59. Qe5+ Kh7 60. Qe4+ 1-0


[Site "https://www.chess.com"]

[Event "Titled Tuesday Blitz March 22 Early 2022"]
[White "Sarana, Alexey"]
[Black "Narayanan.S.L"]
[WhiteFideId "24133795"]
[BlackFideId "5058422"]
[WhiteElo "2666"]
[BlackElo "2494"]
[Result "1-0"]
[Round "08"]
[TimeControl "180+1"]
[Date "2022.03.22"]
[WhiteClock "0:00:10"]
[BlackClock "0:00:04"]

1. d4 d5 2. c4 c6 3. Nc3 e6 4. e3 Nf6 5. Nf3 Nbd7 6. Qc2 a6 7. b3 Bd6 8. Bd3 O-O 9. O-O e5 10. cxd5 cxd5 11. dxe5 Nxe5 12. Nd4 Bg4 13. Bb2 Rc8 14. Rac1 Nxd3 15. Qxd3 Bh5 16. Nf3 Bxf3 17. gxf3 Be5 18. Kg2 Qe7 19. Rfd1 Rcd8 20. f4 Bxc3 21. Qxc3 Qe6 22. h3 Rc8 23. Qe5 h6 24. Bd4 Qd7 25. f5 Rce8 26. Qf4 Re4 27. Qf3 Nh7 28. Qg3 f6 29. Rc7 Qxc7 30. Qxc7 Rf7 31. Qc8+ Nf8 32. Rc1 h5 33. Rc7 Re8 34. Qxb7 Rxc7 35. Qxc7 Nh7 36. h4 Nf8 37. Bc5 1-0


[Site "https://www.chess.com"]

[Event "Titled Tuesday Blitz March 22 Early 2022"]
[White "Sargsyan, Anna M."]
[Black "Karas, Marek"]
[WhiteFideId "13308130"]
[BlackFideId "14928558"]
[WhiteElo "2271"]
[BlackElo "2271"]
[Result "1-0"]
[Round "08"]
[TimeControl "180+1"]
[Date "2022.03.22"]
[WhiteClock "0:00:27"]
[BlackClock "0:00:51"]

1. d4 Nf6 2. c4 c5 3. Nf3 cxd4 4. Nxd4 Nc6 5. Nxc6 bxc6 6. g3 g6 7. Bg2 Bg7 8. O-O O-O 9. Qc2 Rb8 10. Nc3 Qc7 11. e4 d6 12. Be3 a5 13. h3 Ba6 14. b3 Nd7 15. Rad1 Rfd8 16. Rfe1 Nc5 17. f4 Bb7 18. Bxc5 dxc5 19. e5 Rd4 20. Ne4 Rbd8 21. Kh2 Qb6 22. Ng5 Bc8 23. Nf3 Bf5 24. Qc1 Rxd1 25. Rxd1 Be4 26. Rxd8+ Qxd8 27. Qe3 Qd3 28. Qxd3 Bxd3 29. Nd2 f6 30. exf6 Bxf6 31. Bxc6 Bc3 32. Ne4 Bb4 33. Nf2 Bb1 34. Be4 Bxa2 35. Bc2 a4 36. bxa4 Bxc4 37. Nd3 Bxd3 38. Bxd3 Kg7 39. Kg2 Kf6 40. Kf3 e5 41. Ke4 exf4 42. gxf4 Ke6 43. Bc4+ Kd6 44. Bg8 1-0


[Site "https://www.chess.com"]

[Event "Titled Tuesday Blitz March 22 Early 2022"]
[White "Schrik, Rachid"]
[Black "Cupid, Kevin"]
[WhiteFideId "1009818"]
[BlackFideId "7700512"]
[WhiteElo "2070"]
[BlackElo "2096"]
[Result "1-0"]
[Round "08"]
[TimeControl "180+1"]
[Date "2022.03.22"]
[WhiteClock "0:00:12"]
[BlackClock "0:00:02"]

1. d4 Nf6 2. c4 e6 3. Nc3 Bb4 4. a3 Bxc3+ 5. bxc3 O-O 6. f3 c5 7. e4 d6 8. Bd3 e5 9. Ne2 Nc6 10. O-O b6 11. d5 Na5 12. f4 exf4 13. Bxf4 Ne8 14. e5 dxe5 15. Bxe5 f6 16. Bf4 Bg4 17. h3 Bh5 18. g4 Bg6 19. Ng3 Nd6 20. Bxg6 hxg6 21. Qd3 Naxc4 22. Qxg6 Qe8 23. Qd3 Qb5 24. a4 Qd7 25. Rae1 Rfe8 26. Nh5 Rxe1 27. Rxe1 Re8 28. Rf1 Qe7 29. Bh6 Qe4 30. Qxe4 Nxe4 31. Bxg7 Rd8 32. Nxf6+ Nxf6 33. Bxf6 Rxd5 34. Re1 Kf7 35. g5 Rd7 36. h4 Nd2 37. Kf2 Rd3 38. Ke2 Rd7 39. Rd1 1-0


[Site "https://www.chess.com"]